 Dungeon Crawl Stone Soup version 0.21-a0-278-ga722497 (webtiles) character file.

1080 vishdafish the Cudgeler (level 8, -17/50 HPs)
             Began as a Gargoyle Fighter on Sept 21, 2017.
             Was a Believer of Nemelex Xobeh.
             Engulfed by a cloud of freezing vapour (19 damage)
             ... on level 6 of the Dungeon.
             The game lasted 00:10:01 (5305 turns).

vishdafish the Cudgeler (Gargoyle Fighter)          Turns: 5305, Time: 00:10:02

Health: -17/50     AC: 10    Str: 20    XL:     8   Next: 29%
Magic:  0/10       EV:  7    Int:  9    God:    Nemelex Xobeh [**....]
Gold:   402        SH: 10    Dex: 11    Spells: 7/7 levels left

rFire    . . .     SeeInvis .   v - +3 flail
rCold    . . .     Gourm    .   c - +0 shield
rNeg     + . .     Faith    .   b - +0 scale mail
rPois    ∞         Spirit   +   (helmet restricted)
rElec    +         Reflect  .   (no cloak)
rCorr    .         Harm     .   e - +0 pair of gloves
MR       .....                  (no boots)
Stlth    ..........             y - amulet of guardian spirit
HPRegen  0.16/turn              (no ring)
MPRegen  0.12/turn              (no ring)

@: no status effects
A: antennae 1, deformed body, deterioration 1, negative energy resistance 1,
electricity resistance, unbreathing, petrification resistance, rot immunity, AC
+5
a: Renounce Religion


You were on level 6 of the Dungeon.
You worshipped Nemelex Xobeh.
Nemelex Xobeh was pleased with you.
You were not hungry.

You visited 2 branches of the dungeon, and saw 7 of its levels.

You collected 402 gold pieces.

Inventory:

Hand Weapons
 a - a +0 flail
 v - a +3 flail (weapon)
 A - a +2 hunting sling of flaming
Missiles
 w - 8 tomahawks (quivered)
 x - 2 javelins of penetration
 C - 22 sling bullets
 H - 2 throwing nets
Armour
 b - a +0 scale mail (worn)
 c - a +0 shield (worn)
 e - a +0 pair of gloves (worn)
 z - a +1 helmet
Jewellery
 g - a +2 ring of strength {unknown}
 y - an amulet of guardian spirit (around neck)
 B - a +4 ring of dexterity {unknown}
Wands
 t - a wand of paralysis (11/24)
Scrolls
 k - 4 scrolls of remove curse
 l - a scroll of silence {unknown}
 m - 2 scrolls of fog {unknown}
 q - 2 scrolls of enchant weapon {unknown}
 r - 2 scrolls of enchant armour {unknown}
 s - 2 scrolls of magic mapping {unknown}
 u - 5 scrolls of teleportation {unknown}
 D - 2 scrolls of recharging {unknown}
 E - a scroll of fear {unknown}
 F - a scroll of blinking {unknown}
Potions
 d - a potion of might
 h - 4 potions of heal wounds
 i - 3 potions of haste
 j - a potion of curing
 o - 2 potions of magic
 G - 2 potions of flight {unknown}
Miscellaneous
 n - a plain deck of destruction
 p - a plain deck of summoning {drawn: 1}
 I - a plain deck of escape
Comestibles
 f - 4 bread rations
 J - a meat ration


   Skills:
 + Level 5.6 Fighting
 * Level 5.7 Maces & Flails
 + Level 5.3 Armour
 + Level 5.4 Shields
 * Level 3.4 Invocations


You had 7 spell levels left.
You didn't know any spells.

Dungeon Overview and Level Annotations

Branches:
Dungeon (6/15)             Temple (1/1) D:4

Altars:
Dithmenos
Gozag
Nemelex Xobeh
Ru
Sif Muna


Innate Abilities, Weirdness & Mutations

You are resistant to torment.
Your stone body is resilient. (AC +5)
You are immune to poison.
You resist negative energy. (rN+)
You are resistant to electric shocks. (rElec)
You can survive without breathing.
You are immune to petrification.
You are immune to rotting.
You have a pair of small antennae on your head.
Armour fits poorly on your strangely shaped body.
Your body sometimes deteriorates upon taking damage.


Message History

You now have 402 gold pieces (gained 12).
Found 12 poisoned needles and a crooked jewelled staff.
No target in view!
Found a pair of gloves and a crystal ball of energy.
You open the door.
Really walk into a travel-excluded area? [Y]es or [N]o only, please.
Really walk into a travel-excluded area?
There is an open door here.
Really walk into a travel-excluded area? [Y]es or [N]o only, please.
Really walk into a travel-excluded area?
You are engulfed in freezing vapours.
You are engulfed in freezing vapours.
You are engulfed in freezing vapours.
You are engulfed in freezing vapours.
* * * LOW HITPOINT WARNING * * *
You are engulfed in freezing vapours.
You die...
Your body disappears without a glow.

###########
#.#####+## #.........
#########.....
########.............
########.#######.....
##|#.8##.#......<....
##/#.'.#.#.#####.....
##(#.8...#...........
##[#@###.#.....#.....
##}#§###.............
##.#§#####.........##
##.#§## #.........#
##.#§## #.........#
##.#§## ####.....
##.#§## ..... ##.#§##
..... ##.#.## ##


There were no monsters in sight!

Vanquished Creatures
  2 ogres
  Blork the orc (D:6)
  2 scorpions
  2 howler monkeys
  A bullfrog zombie (D:5)
  A hound (D:5)
  An orc priest (D:3)
  5 orc wizards
  A bullfrog skeleton (D:5)
  2 iguanas
  Jessica (D:3)
  Natasha (D:3)
  A worker ant (D:4)
  Ijyb (D:3)
  A howler monkey zombie (D:5)
  Robin (D:3)
  7 gnolls
  5 adders
  An ooze (D:5)
  2 worms
  3 dart slugs
  4 leopard geckos
  15 orcs
  5 bats
  4 giant cockroaches
  15 goblins
  9 hobgoblins
  11 jackals
  A kobold (D:1)
  2 quokkas
  3 ball pythons (D:1)
  3 frilled lizards
  2 quokka skeletons
  22 rats
138 creatures vanquished.

Vanquished Creatures (collateral kills)
  A worker ant (D:5)
  3 gnolls (D:5)
4 creatures vanquished.

Grand Total: 142 creatures vanquished

Notes
Turn   | Place    | Note
-------+----------+-------------------------------------------
     0 | D:1      | vishdafish the Gargoyle Fighter began the quest for the Orb.
     0 | D:1      | Reached XP level 1. HP: 14/14 MP: 1/1
   162 | D:1      | Reached XP level 2. HP: 18/19 MP: 2/2
   239 | D:1      | Reached XP level 3. HP: 18/23 MP: 3/3
  1131 | D:2      | Reached XP level 4. HP: 23/29 MP: 4/4
  1682 | D:3      | Reached XP level 5. HP: 26/33 MP: 5/5
  1935 | D:3      | Noticed Ijyb
  1936 | D:3      | Noticed Jessica
  1966 | D:3      | Killed Ijyb
  1995 | D:3      | Killed Jessica
  1995 | D:3      | Reached XP level 6. HP: 39/39 MP: 6/6
  2035 | D:3      | Noticed Robin
  2100 | D:3      | Killed Robin
  2619 | D:3      | Noticed Natasha
  2627 | D:3      | Killed Natasha
  2813 | D:4      | Found a staircase to the Ecumenical Temple.
  2826 | Temple   | Entered the Ecumenical Temple
  2837 | Temple   | Became a worshipper of Nemelex Xobeh the Trickster
  3210 | D:4      | Received a gift from Nemelex Xobeh
  3638 | D:4      | Reached skill level 1 in Invocations
  3638 | D:4      | Reached XP level 7. HP: 43/44 MP: 7/7
  3740 | D:4      | Reached skill level 5 in Fighting
  3773 | D:4      | Received a gift from Nemelex Xobeh
  3911 | D:4      | Reached * piety under Nemelex Xobeh
  4032 | D:5      | Entered Level 5 of the Dungeon
  4334 | D:5      | Reached skill level 5 in Maces & Flails
  4374 | D:5      | Reached skill level 5 in Armour
  4404 | D:5      | Reached skill level 5 in Shields
  4450 | D:5      | Gained mutation: Armour fits poorly on your strangely shaped body. [potion of mutation]
  4450 | D:5      | Gained mutation: Your body sometimes deteriorates upon taking damage. [potion of mutation]
  4450 | D:5      | Gained mutation: You have a pair of small antennae on your head. [potion of mutation]
  4531 | D:5      | Received a gift from Nemelex Xobeh
  4619 | D:5      | Reached XP level 8. HP: 50/50 MP: 10/10
  4967 | D:6      | Noticed Blork the orc
  4980 | D:6      | Killed Blork the orc
  5152 | D:6      | Reached ** piety under Nemelex Xobeh
  5304 | D:6      | HP: 2/50 [something (19)]
  5305 | D:6      | Engulfed by a cloud of freezing vapour

Vault maps used:
D:1:      erik_arrival_cave_to_civilisation, minmay_strange_pillars,
          st_stairs_4, minmay_hexomino_p4
D:2:      first_bread
D:3:      uniq_jessica, uniq_natasha, uniq_ijyb, uniq_robin
D:4:      minmay_temple_entry_mist, serial_column_ruins, column_ruins_hut_water,
          column_ruins_hut, column_ruins_open_small, column_ruins_grid_4,
          column_ruins_grid_1, minmay_rat_hole
D:5:      wad_crossroads, kennysheep_cross_room
D:6:      lemuel_ice_spiral_2, corexii_checkpoint_a, uniq_blork_the_orc
Temple:   regret_index_temple_sigil_plot

Skill      XL: |  1  2  3  4  5  6  7  8 |
---------------+-------------------------+-----
Maces & Flails | 3 4 5 |  5.7
Fighting       | 4 5 |  5.6
Armour         | 4 5 |  5.3
Shields        | 4 5 |  5.4
Invocations    | 1 2 3 |  3.4

Action                   |  1- 3 |  4- 6 |  7- 9 || total
-------------------------+-------+-------+-------++-------
Melee: Flail             |   121 |   154 |   193 ||   468
Throw: Tomahawk          |       |     2 |       ||     2
Evoke: Deck              |       |       |     1 ||     1
  Use: Scroll            |       |     5 |     2 ||     7
       Potion            |       |     1 |     1 ||     2
  Eat: Chunk             |       |     4 |     4 ||     8
       Bread ration      |       |     1 |       ||     1
       Royal jelly       |       |     1 |       ||     1
Armor: Scale mail        |    72 |    78 |   128 ||   278
Dodge: Dodged            |    49 |    34 |    98 ||   181
Block: Shield            |    53 |    78 |   143 ||   274

Table legend:
 A = Spawn XP
 B = Non-spawn XP
 C = Spawn XP percentage of total XP
 D = Spawn monster count
 E = Non-spawn monster count
 F = Spawn count percentage of total count
 G = Total turns spent on level
                    A         B        C        D         E        F      G
               +---------+---------+-------+---------+---------+-------+---------
         Total |       0 |    1544 |   0.0 |       0 |     142 |   0.0 |  5305
               +---------+---------+-------+---------+---------+-------+---------
           D:1 |       0 |      42 |   0.0 |       0 |      21 |   0.0 |   846
           D:2 |       0 |      68 |   0.0 |       0 |      22 |   0.0 |   913
           D:3 |       0 |     302 |   0.0 |       0 |      20 |   0.0 |  1033
           D:4 |       0 |     300 |   0.0 |       0 |      32 |   0.0 |  1309
           D:5 |       0 |     595 |   0.0 |       0 |      38 |   0.0 |   779
           D:6 |       0 |     237 |   0.0 |       0 |       9 |   0.0 |   406
               +---------+---------+-------+---------+---------+-------+---------
